 Dungeon Crawl Stone Soup version 0.27.1 (webtiles) character file.

Game seed: 6549010916799489767

64 Atelerd the Digger (level 4, -9/27 HPs)
             Began as an Octopode Earth Elementalist on Sept 1, 2021.
             Killed by divine providence
             ... invoked by an orc priest
              (17 damage)
             ... on level 3 of the Dungeon.
             The game lasted 00:01:25 (3374 turns).

Atelerd the Digger (Octopode Earth Elementalist)    Turns: 3374, Time: 00:01:27

Health: -9/27      AC:  1    Str:  7    XL:     4   Next: 12%
Magic:  4/8        EV: 13    Int: 18    God:
Gold:   124        SH:  0    Dex: 12    Spells: 7/8 levels left

rFire    + . .     SeeInvis .   d - +0 dagger
rCold    + . .     Faith    .   (no shield)
rNeg     . . .     Spirit   .   (helmet restricted)
rPois    +         Reflect  .   (no amulet)
rElec    +         Harm     .   (no ring)
rCorr    +         Rampage  .   (no ring)
Will     .....                  (no ring)
Stlth    +++.......             (no ring)
HPRegen  0.09/turn              (no ring)
MPRegen  0.11/turn              (no ring)
                                (no ring)
                                (no ring)

@: resistant
A: almost no armour, amphibious, 8 rings, camouflage 1, gelatinous body 1,
(nimble swimmer 1), tentacles
a: no special abilities


You were on level 3 of the Dungeon.
You visited 1 branch of the dungeon, and saw 3 of its levels.

You collected 124 gold pieces.

Inventory:

Hand Weapons
 d - a +0 dagger (weapon)
Missiles
 b - 57 stones
Wands
 g - a wand of flame (16)
Scrolls
 a - 2 scrolls of enchant armour {unknown}
 e - a scroll of immolation {unknown}
 f - a scroll of amnesia {unknown}
 h - a scroll of summoning {unknown}
 i - a scroll of noise {unknown}
 j - a scroll of fog {unknown}
 k - a scroll of identify {unknown}


   Skills:
 - Level 2.0 Dodging
 - Level 2.6 Stealth
 + Level 2.7 Spellcasting
 + Level 2.3 Transmutations
 + Level 3.7 Earth Magic


You had 7 spell levels left.
You knew the following spells:

 Your Spells              Type           Power      Damage    Failure   Level
a - Sandblast             Erth           30%        2d9       3%          1

Your spell library contained the following spells:

 Spells                   Type           Power      Damage    Failure   Level
 Passwall                 Tmut/Erth      10%        N/A       8%          2
 Stone Arrow              Conj/Erth      18%        3d8       24%         3
 Petrify                  Tmut/Erth      13%        N/A       43%         4
 Lee's Rapid Deconstruct  Erth           7%         3d8*      71%         5


Dungeon Overview and Level Annotations

Branches:
Dungeon (3/15)

Altars:


Innate Abilities, Weirdness & Mutations

You cannot wear most types of armour.
You are amphibious.
You can wear up to eight rings at the same time.
Your skin changes colour to match your surroundings (Stealth+).
Your rubbery body absorbs attacks. (AC +1, EV +1)
((You are camouflaged near water. (Stealth+)))
You have tentacles for arms and can constrict up to eight enemies at once.


Message History

Confirm with . or Enter, or press ? or * to list all spells.
Aiming: Sandblast (safe; 3% risk of failure)
Press: ? - help, Shift-Dir - straight line, f/p - orc
Aim: an orc, wielding a +0 war axe, wearing a +0 ring mail and wearing a +0 kite shield (85% to hit)
The blast of sand hits the orc.
The orc is heavily wounded.
The orc closely misses you.
Casting: Sandblast (safe; 3% risk of failure)
Confirm with . or Enter, or press ? or * to list all spells.
Aiming: Sandblast (safe; 3% risk of failure)
Press: ? - help, Shift-Dir - straight line, f/p - orc
Aim: an orc, wielding a +0 war axe, wearing a +0 ring mail and wearing a +0 kite shield (heavily wounded, 85% to hit)
Okay, then.
Casting: Sandblast (safe; 3% risk of failure)
Confirm with . or Enter, or press ? or * to list all spells.
Aiming: Sandblast (safe; 3% risk of failure)
Press: ? - help, Shift-Dir - straight line, f/p - orc
Aim: an orc, wielding a +0 war axe, wearing a +0 ring mail and wearing a +0 kite shield (heavily wounded, 85% to hit)
The blast of sand hits the orc but does no damage.
The orc is heavily wounded.
The orc closely misses you.
Unknown command.
Casting: Sandblast (safe; 3% risk of failure)
Confirm with . or Enter, or press ? or * to list all spells.
Aiming: Sandblast (safe; 3% risk of failure)
Press: ? - help, Shift-Dir - straight line, f/p - orc
Aim: an orc, wielding a +0 war axe, wearing a +0 ring mail and wearing a +0 kite shield (heavily wounded, 85% to hit)
The orc blocks the blast of sand.
The orc hits you with a +0 war axe.
You hit the orc but do no damage. Your grab misses the orc.
The orc is heavily wounded.
The orc hits you with a +0 war axe.
* * * LOW HITPOINT WARNING * * *
Unknown command.
It was a potion of resistance.
You feel protected. The orc misses you.
The orc priest calls down the wrath of Beogh upon you.
Beogh smites you!
Ouch! That really hurt!
You die...

#'# #.# #o# #.# #.#
..# ##o## ###
##...## #.....#
##o..##
##.############
#######oo@..).......
........############
#######.# #######
#.# ......# #.#
######## ## #####.#
#.# #......# #.
#####.# #.# #.####.#
#. ...##.###
#.#######.####.# #.
.#......#
#...........##.# #.


You could see an orc priest and 2 orcs.

Vanquished Creatures
  2 adders (D:2)
  2 worms (D:2)
  A dart slug (D:2)
  An orc (D:3)
  2 endoplasms (D:3)
  A giant cockroach (D:3)
  5 goblins
  2 hobgoblins
  5 jackals
  3 ball pythons
  3 bats
  3 frilled lizards
  5 kobolds
  4 rats
39 creatures vanquished.

Vanquished Creatures (others)
  A demonic plant (D:3)
1 creature vanquished.

Grand Total: 40 creatures vanquished

Notes
Turn   | Place    | Note
-------+----------+-------------------------------------------
     0 | D:1      | Atelerd the Octopode Earth Elementalist began the quest for
                  | the Orb.
     0 | D:1      | Reached XP level 1. HP: 11/11 MP: 3/3
   457 | D:1      | Reached XP level 2. HP: 15/17 MP: 5/5
  1731 | D:2      | Reached XP level 3. HP: 14/21 MP: 6/6
  2920 | D:3      | Reached XP level 4. HP: 27/27 MP: 8/8
  3374 | D:3      | Killed from afar by an orc priest

Illustrated notes

Levels and vault maps discovered:
D:1:      roderic_chinese_lattice_arrival, layout_basic, minmay_parallelograms,
          minmay_misc_feat_rugged
D:2:      wander_river, layout_basic, minmay_tetromino_i2
D:3:      layout_loops_corners, kennysheep_vampire_church,
          dreamdust_ecumenical_altar_sealed_demon

Skill      XL: |  1  2  3 |
---------------+----------+-----
Transmutations | 2 |  2.3
Dodging        | |  2.0
Stealth        | |  2.6
Spellcasting   | |  2.7
Earth Magic    | |  3.7

Action                   |  1- 3 |  4- 6 || total
-------------------------+-------+-------++-------
Melee: Unarmed           |    19 |       ||    19
       Constrict         |    22 |     3 ||    25
       Tentacles         |    13 |     2 ||    15
       Dagger            |    60 |    15 ||    75
 Cast: Sandblast         |     3 |     5 ||     8
  Use: Potion            |       |     1 ||     1
 Stab: Sleeping          |    12 |     1 ||    13
Armor: Skin              |     7 |       ||     7
Dodge: Dodged            |    46 |    11 ||    57
